 Dungeon Crawl Stone Soup version 0.27-a0-1597-ge58577e147 (webtiles) character file.

Game seed: 1784537707311390620

34259 Blejac999 the Thaumaturge (level 13, -5/90 HPs)
             Began as a Mummy Necromancer on July 21, 2021.
             Was a High Priest of Kikubaaqudgha.
             Slain by a black mamba (12 damage)
             ... on level 3 of the Lair of Beasts.
             The game lasted 01:13:29 (23624 turns).

Blejac999 the Thaumaturge (Mummy Necromancer)      Turns: 23624, Time: 01:13:29

Health: -5/90      AC: 10    Str: 17    XL:     13   Next: 41%
Magic:  21/30      EV: 11    Int: 31    God:    Kikubaaqudgha [*****.]
Gold:   3042       SH:  0    Dex: 17    Spells: 8/39 levels left

rFire    x . .     SeeInvis +   n - +2 mace (protect)
rCold    + + .     Faith    .   l - +4 kite shield "Ekloz" {+Blink Str+6 Int+3}
rNeg     + + +     Spirit   .   A - +1 ring mail of the Comet {rC+ Int+4}
rPois    ∞         Reflect  +   i - +0 helmet
rElec    .         Harm     .   k - +0 cloak {Stlth+}
rCorr    +         Rampage  .   m - +1 pair of gloves {Dex+3}
Will     +....                  (no boots)
Stlth    ++........             e - amulet of reflection
HPRegen  0.25/turn              b - ring "Bucuheh" {Int+6 SInv}
MPRegen  0.22/turn              c - ring "Kekelikh" {Fly rCorr}

@: confused, flying
A: cold resistance 1, negative energy resistance 3, torment resistance 2, heat
vulnerability 1, in touch with death 1, no potions
a: Renounce Religion, Evoke Blink, Receive Corpses, Torment


You were on level 3 of the Lair of Beasts.
You worshipped Kikubaaqudgha.
Kikubaaqudgha was extremely pleased with you.
You visited 4 branches of the dungeon, and saw 17 of its levels.
You also visited: Ossuary.

You collected 3823 gold pieces.
You spent 781 gold pieces at shops.

Inventory:

Hand Weapons
 g - a +2 dire flail of venom
 n - a +2 mace of protection (weapon)
Missiles
 w - a curare-tipped dart
Armour
 i - a +0 helmet (worn)
 k - a +0 cloak of stealth (worn)
 l - the +4 kite shield "Ekloz" (worn) {+Blink Str+6 Int+3}
   (You found it on level 7 of the Dungeon)

   Str:       It affects your strength (+6).
   Int:       It affects your intelligence (+3).
   +Blink:    It lets you blink.
 m - a +1 pair of gloves of dexterity (worn)
 A - the +1 ring mail of the Comet (worn) {rC+ Int+4}
   (You found it on level 12 of the Dungeon)

   Int:       It affects your intelligence (+4).
   rC:        It protects you from cold.
 C - a scarf of invisibility
Jewellery
 b - the ring "Bucuheh" (left hand) {Int+6 SInv}
   (You acquired it on level 4 of the Dungeon)

   [ring of see invisible]

   Int:       It affects your intelligence (+6).
   SInv:      It lets you see invisible.
 c - the ring "Kekelikh" (right hand) {Fly rCorr}
   (You bought it in a shop on level 3 of the Dungeon)

   [ring of flight]

   Fly:       It grants you flight.
   rCorr:     It protects you from acid and corrosion.
 e - an amulet of reflection (around neck)
 v - a ring of see invisible
 z - a ring of ice
Wands
 a - a wand of mindburst (10)
 j - a wand of iceblast (5)
 r - a wand of flame (3)
 s - a wand of paralysis (12)
 x - a wand of polymorph (19)
Scrolls
 d - 3 scrolls of enchant armour
 f - a scroll of teleportation
 h - 8 scrolls of identify
 o - 7 scrolls of amnesia
 p - 2 scrolls of fog
 q - a scroll of magic mapping
 t - 2 scrolls of blinking
 y - 2 scrolls of summoning
 B - a scroll of fear
Miscellaneous
 u - a phantom mirror
 D - a condenser vane


   Skills:
 + Level 4.4 Fighting
 * Level 10.7 Maces & Flails
 + Level 1.3 Polearms
 + Level 1.5 Armour
 + Level 4.8 Dodging
 + Level 4.0 Stealth
 + Level 6.0 Shields
 + Level 0.1 Unarmed Combat
 + Level 13.5 Spellcasting
 + Level 4.9 Conjurations
 + Level 5.6 Hexes
 * Level 4.0 Summonings
 + Level 10.4 Necromancy
 + Level 0.1 Ice Magic
 + Level 0.3 Evocations


You had 8 spell levels left.
You knew the following spells:

 Your Spells              Type           Power      Damage    Failure   Level
a - Pain                  Necr           100%       1d9       1%          1
b - Animate Skeleton      Necr           100%       N/A       1%          1
c - Vampiric Draining     Necr           45%        2d12      1%          3
d - Ensorcelled Hibernat  Hex/Ice        78%        N/A       6%          2
e - Fulminant Prism       Conj/Hex       26%        3d14      14%         4
f - Corpse Rot            Necr/Air       N/A        N/A       2%          2
g - Animate Dead          Necr           45%        N/A       1%          4
h - Agony                 Necr           91%        N/A       4%          5
i - Inner Flame           Hex/Fire       38%        N/A       12%         3
j - Dispel Undead         Necr           91%        3d29      1%          4
k - Call Imp              Summ           45%        N/A       3%          2

Your spell library contained the following spells:

 Spells                   Type           Power      Damage    Failure   Level
 Dazzling Flash           Conj/Hex       100%       N/A       4%          3
 Excruciating Wounds      Necr           45%        N/A       4%          5
 Cause Fear               Hex            27%        N/A       13%         4
 Death Channel            Necr           45%        N/A       26%         6
 Borgnjor's Vile Clutch   Necr/Erth      34%        N/A       38%         5
 Iskenderun's Mystic Bla  Conj/Tloc      36%        2d9       43%         4
 Summon Mana Viper        Hex/Summ       50%        N/A       45%         5
 Petrify                  Tmut/Erth      21%        N/A       78%         4
 Irradiate                Conj/Tmut      18%        3d19      78%         5
 Summon Forest            Summ/Tloc      16%        N/A       85%         5
 Alistair's Intoxication  Tmut/Pois      14%        N/A       98%         5
 Lee's Rapid Deconstruct  Erth           10%        3d9*      98%         5
 Shadow Creatures         Summ           N/A        N/A       98%         6
 Eringya's Noxious Bog    Tmut/Pois      10%        N/A       100%        6
 Starburst                Conj/Fire      18%        8x6d7     100%        6
 Spellforged Servitor     Conj/Summ      24%        N/A       100%        7
 Summon Hydra             Summ           22%        N/A       100%        7
 Dragon's Call            Summ           22%        N/A       100%        9
 Sublimation of Blood     Necr           Unusable   N/A       N/A         2
 Spider Form              Tmut/Pois      Unusable   N/A       N/A         3
 Dragon Form              Tmut           Unusable   N/A       N/A         7

Dungeon Overview and Level Annotations

Branches:
Dungeon (12/15)            Temple (1/1) D:4            Lair (3/6) D:11
 Spider (1/4) Lair:3          Orc (0/2) D:9         Ossuary (visited)
  Swamp: Lair:2-4    Shoals: Lair:2-4

Altars:
Ashenzari
Cheibriados
Dithmenos
Elyvilon
Fedhas
Gozag
Hepliaklqana
Kikubaaqudgha
Makhleb
Nemelex Xobeh
Okawaru
Qazlal
Ru
Sif Muna
Trog
Uskayaw
Vehumet
Wu Jian
Xom
Yredelemnul
Zin
The Shining One
Jiyva

Shops:
D:3 =   D:6 (

Annotations:
D:3 Natasha
D:12 Nessos, Psyche
Lair:2 3 runed translucent doors, kulik242's ghost, journeyman OgHu
Lair:3 1 runed translucent door, Gilette's ghost, journeyman TrCK


Innate Abilities, Weirdness & Mutations

You are immune to poison.
Your flesh is cold resistant. (rC+)
You are immune to negative energy. (rN+++)
You are immune to unholy pain and torment.
You are vulnerable to heat. (rF-)
You are in touch with the powers of death.
You do not drink.


Message History

You feel life coursing into your body. You block the redback's attack. x2
The tarantella bites you.
You are confused.
Your Summonings skill increases to level 4!
You're too confused to cast spells.
Unknown command.
You're too confused to cast spells.
Unknown command.
You are too confused!
The black mamba bites you but does no damage.
The redback bites you. The tarantella bites you.
You are more confused.
You miss the redback.
The redback is moderately wounded.
The black mamba barely misses you. The redback bites you.
The tarantella bites you.
You are more confused.
The black mamba bites you but does no damage.
The redback bites you! The tarantella barely misses you.
You miss the tarantella. The black mamba bites you.
* * * LOW HITPOINT WARNING * * *
The redback bites you but does no damage.
The tarantella bites you.
* * * LOW HITPOINT WARNING * * *
The black mamba bites you.
* * * LOW HITPOINT WARNING * * *
You are too confused!
Unknown command.
You're too confused to move!
The black mamba closely misses you. The redback bites you.
* * * LOW HITPOINT WARNING * * *
The tarantella closely misses you. The black mamba misses you.
The redback bites you but does no damage.
The tarantella barely misses you.
Unknown command.
The black mamba barely misses you. The tarantella bites you!
* * * LOW HITPOINT WARNING * * *
The black mamba bites you!
You die...
Kikubaaqudgha rasps: "You have failed me!
Welcome... oblivion!"

.......................
.......................
.........!...........# ###
......... ..........##..#
#.....##### #.P.....#......
.......#..####...).........
#.....##..!..##..........##..
#.....##.....#.......P........
.......#^....##.@S..##...../....
#............##.ss.....^........#
#.......##.+#......^....^..[....#
......####P.#.#...^...^^.^......#
.................^.^............+
..................^^^.^^^.^^....#
........<...........^^>.^^......#
..................^^^....^.^.....
..................^^.^^^.^.......


You could see a black mamba, a tarantella and a redback.

Vanquished Creatures
  4 hydras
  3 boulder beetles
  2 centaur warriors
  3 two-headed ogres
  The ghost of Gall2222 the Grappler, a novice DrTm of Gozag (D:9)
  Pikel (D:8)
  A deep elf pyromancer (D:9)
  A salamander (Lair:2)
  2 cyclopes (D:10)
  4 black mambas
  6 cane toads
  A gargoyle (D:12)
  A rime drake (Lair:2)
  8 komodo dragons
  A kobold demonologist (D:11)
  An unseen horror (D:10)
  Maggie (Lair:1)
  2 hornets
  3 trolls
  A polar bear (Lair:3)
  4 blink frogs
  A slime creature (D:9)
  A fire elemental (Lair:2)
  38 yaks
  A shadow (D:10)
  4 basilisks
  3 wraiths
  5 wyverns
  A steam dragon (D:8)
  5 vampire mosquitoes
  Edmund (D:4)
  An acid dragon (D:10)
  8 water moccasins
  A necrophage (D:6)
  3 orc warriors
  An ice beast (D:6)
  2 sky beasts (D:6)
  3 black bears
  4 centaurs
  An ogre (D:4)
  A kobold brigand (D:10)
  3 elf zombies (Ossuary)
  16 bullfrogs
  4 scorpions
  A water moccasin skeleton (D:6)
  7 killer bees
  8 howler monkeys
  4 electric eels
  8 centaur zombies
  A bullfrog skeleton (D:6)
  A human zombie (Ossuary)
  10 orc priests
  2 hounds
  A centaur skeleton (D:4)
  Jessica (D:3)
  7 hell rats (Lair:1)
  Natasha (twice) (D:3)
  10 orc wizards
  A centaur simulacrum (D:10)
  A hound skeleton (D:4)
  2 mummies (Ossuary)
  6 adders
  17 river rats
  A shadow imp (D:7)
  An ufetubus (D:5)
  A worm (D:5)
  5 dart slugs
  46 orcs
  4 bats (D:2)
  7 endoplasms
  4 giant cockroaches
  8 goblins
  7 hobgoblins
  9 quokkas
  8 ball pythons
  6 frilled lizards
  2 goblin zombies (Ossuary)
  12 hobgoblin zombies (Ossuary)
  A jackal zombie (Ossuary)
  10 kobolds
  9 kobold zombies (Ossuary)
  6 orc zombies (Ossuary)
  A quokka zombie (D:7)
  15 rats
  3 rat zombies
415 creatures vanquished.

Vanquished Creatures (collateral kills)
  A manticore (D:10)
  A hell hound (D:11)
  An orc (D:4)
  2 endoplasms (D:4)
5 creatures vanquished.

Vanquished Creatures (others)
  An orc (D:8)
  11 fulminant prisms
  38 fungi
  53 plants
103 creatures vanquished.

Grand Total: 523 creatures vanquished

Notes
Turn   | Place    | Note
-------+----------+-------------------------------------------
     0 | D:1      | Blejac999 the Mummy Necromancer began the quest for the
                  | Orb.
     0 | D:1      | Reached XP level 1. HP: 13/13 MP: 4/4
   389 | D:1      | Reached XP level 2. HP: 15/19 MP: 5/5
   451 | D:1      | Learned a level 1 spell: Animate Skeleton
   538 | D:1      | Found a faded altar of an unknown god.
  1065 | D:1      | Reached skill level 3 in Spellcasting
  1360 | D:2      | Found a basalt altar of Yredelemnul.
  1380 | D:2      | You fall into a shaft and drop 2 floors!
  1412 | D:4      | Reached XP level 3. HP: 23/24 MP: 4/7
  1655 | D:4      | Noticed Edmund
  1658 | D:4      | Identified 3 scrolls of acquirement
  1658 | D:4      | Acquired 883 gold pieces
  1663 | D:4      | Acquired the ring "Bucuheh" {Int+6 SInv}
  1666 | D:4      | Acquired 762 gold pieces
  1804 | D:3      | Learned a level 3 spell: Vampiric Draining
  1809 | D:3      | Reached skill level 4 in Spellcasting
  1911 | D:3      | Reached XP level 4. HP: 29/30 MP: 3/10
  2001 | D:3      | Reached skill level 5 in Spellcasting
  2031 | D:3      | Reached XP level 5. HP: 10/35 MP: 0/12
  2443 | D:2      | Learned a level 2 spell: Ensorcelled Hibernation
  2837 | D:2      | Reached skill level 5 in Necromancy
  3228 | D:3      | Noticed Jessica
  3231 | D:3      | Killed Jessica
  3370 | D:3      | Found Hoogyar's Jewellery Shop.
  3375 | D:3      | Bought the ring "Kekelikh" {Fly rCorr} for 391 gold pieces
  3375 | D:3      | Bought an amulet of reflection for 390 gold pieces
  3506 | D:3      | Noticed Natasha
  3512 | D:3      | Killed Natasha
  3513 | D:3      | Reached skill level 1 in Polearms
  3813 | D:3      | Found a burning altar of Makhleb.
  3813 | D:3      | Noticed a balrug
  3816 | D:3      | Noticed a neqoxec
  3816 | D:3      | Noticed a neqoxec
  3875 | D:3      | Noticed Natasha
  3880 | D:3      | Killed Natasha
  3881 | D:3      | Reached skill level 6 in Spellcasting
  3881 | D:3      | Reached XP level 6. HP: 42/42 MP: 12/15
  3995 | D:3      | Noticed Natasha
  4250 | D:4      | Found a staircase to the Ecumenical Temple.
  4261 | Temple   | Entered the Ecumenical Temple
  4331 | Temple   | Became a worshipper of Kikubaaqudgha
  4532 | D:4      | Killed Edmund
  4533 | D:4      | Reached skill level 7 in Spellcasting
  4533 | D:4      | Reached XP level 7. HP: 47/47 MP: 1/17
  5068 | D:5      | Entered Level 5 of the Dungeon
  5380 | D:5      | Noticed a troll
  5387 | D:5      | Killed a troll
  5388 | D:5      | Reached skill level 1 in Fighting
  5388 | D:5      | Reached skill level 1 in Maces & Flails
  5388 | D:5      | Reached skill level 8 in Spellcasting
  5424 | D:5      | Reached XP level 8. HP: 27/54 MP: 4/20
  5581 | D:5      | Learned a level 4 spell: Fulminant Prism
  5754 | D:5      | Noticed a +0 dagger
  5754 | D:5      | Noticed a +0 falchion
  5755 | D:5      | Noticed a +0 dagger
  5755 | D:5      | Noticed a +0 short sword
  5755 | D:5      | Noticed a +0 spear
  5755 | D:5      | Noticed a +0 spear
  5755 | D:5      | Noticed a +0 falchion
  5755 | D:5      | Noticed a +0 short sword
  6259 | D:5      | Found a hide-covered altar of Uskayaw.
  6414 | D:6      | Found Vim Onk's Antique Weapon Shop.
  6422 | D:6      | Reached skill level 9 in Spellcasting
  6537 | D:6      | Found a basalt altar of Yredelemnul.
  6871 | D:5      | Reached * piety under Kikubaaqudgha
  6871 | D:5      | Received a gift from Kikubaaqudgha
  6930 | D:5      | Learned a level 2 spell: Corpse Rot
  6935 | D:5      | Learned a level 4 spell: Animate Dead
  6941 | D:5      | Learned a level 5 spell: Agony
  7031 | D:6      | Found a shimmering blue altar of Sif Muna.
  7115 | D:6      | Reached skill level 1 in Shields
  7871 | D:6      | Reached XP level 9. HP: 56/61 MP: 14/22
  7987 | D:7      | Reached skill level 10 in Spellcasting
  8134 | D:7      | Identified the +4 kite shield "Ekloz" {+Blink Str+6 Int+3}
  8139 | D:7      | Acquired 917 gold pieces
  8140 | D:7      | Acquired a +1 pair of gloves of dexterity
  8147 | D:7      | Acquired a +0 cloak of stealth
  8516 | D:7      | Found a sand-covered staircase.
  8523 | Ossuary  | Entered an ossuary
  8618 | Ossuary  | Reached ** piety under Kikubaaqudgha
  8825 | Ossuary  | Reached skill level 5 in Maces & Flails
  9740 | D:8      | Found a sparkling altar of Nemelex Xobeh.
  9888 | D:8      | Reached skill level 1 in Conjurations
  9888 | D:8      | Reached skill level 1 in Hexes
 10185 | D:8      | Found a hazy altar of Hepliaklqana.
 10231 | D:8      | Found an opulent altar of Gozag.
 10467 | D:8      | Found a broken altar of Ashenzari.
 10572 | D:8      | Noticed Pikel
 10590 | D:8      | Killed Pikel
 10929 | D:9      | Found a runed translucent door.
 10934 | D:9      | Noticed Gall2222's ghost (novice DrTm)
 11028 | D:9      | Reached XP level 10. HP: 56/70 MP: 17/24
 11180 | D:9      | Noticed a deep elf pyromancer
 11191 | D:9      | Killed a deep elf pyromancer
 11951 | D:9      | Got Neanew's Almanac of the Volcanoes and the Entourage
 11956 | D:9      | Learned a level 3 spell: Inner Flame
 12037 | D:9      | Reached *** piety under Kikubaaqudgha
 12037 | D:9      | Received a gift from Kikubaaqudgha
 12043 | D:9      | Learned a level 4 spell: Dispel Undead
 12292 | D:9      | Found an iron altar of Okawaru.
 12456 | D:9      | Noticed a centaur warrior
 12469 | D:9      | Killed a centaur warrior
 12470 | D:9      | Reached skill level 11 in Spellcasting
 12879 | D:9      | Found a staircase to the Orcish Mines.
 12990 | D:9      | Found an opulent altar of Gozag.
 12990 | D:9      | Noticed a four-headed hydra
 12996 | D:9      | Killed a four-headed hydra
 13278 | D:9      | Killed Gall2222's ghost
 13369 | D:10     | Entered Level 10 of the Dungeon
 13467 | D:10     | Noticed a cyclops
 13482 | D:10     | Killed a cyclops
 13542 | D:10     | Noticed a boulder beetle
 13544 | D:10     | Found a burning altar of Makhleb.
 13560 | D:10     | Killed a boulder beetle
 13561 | D:10     | Reached XP level 11. HP: 58/75 MP: 8/26
 13686 | D:10     | Noticed a two-headed ogre
 13697 | D:10     | Killed a two-headed ogre
 13829 | D:10     | Noticed a centaur warrior
 13838 | D:10     | Killed a centaur warrior
 14487 | D:10     | Reached **** piety under Kikubaaqudgha
 14673 | D:10     | Reached skill level 12 in Spellcasting
 14970 | D:10     | Reached skill level 5 in Hexes
 15234 | D:10     | Noticed a six-headed hydra
 15243 | D:10     | Killed a six-headed hydra
 16113 | D:11     | Noticed a boulder beetle
 16199 | D:11     | Killed a boulder beetle
 16200 | D:11     | Reached XP level 12. HP: 53/83 MP: 1/28
 16708 | D:11     | Found a staircase to the Lair.
 16980 | D:11     | Learned a level 2 spell: Call Imp
 17222 | D:11     | Noticed a two-headed ogre
 17231 | D:11     | Killed a two-headed ogre
 17232 | D:11     | Reached skill level 1 in Summonings
 17675 | D:11     | You are sucked into a shaft and drop 1 floor!
 17712 | D:12     | Identified the +1 ring mail of the Comet {rC+ Int+4}
 17796 | D:12     | Noticed a two-headed ogre
 17805 | D:12     | Killed a two-headed ogre
 17806 | D:12     | Reached skill level 10 in Maces & Flails
 17811 | D:12     | Noticed a two-headed ogre
 17926 | D:12     | Noticed a boulder beetle
 17955 | D:12     | Killed a boulder beetle
 17955 | D:12     | Reached ***** piety under Kikubaaqudgha
 17956 | D:12     | Reached skill level 5 in Shields
 17963 | D:12     | Noticed a death knight
 17989 | D:12     | Noticed Psyche
 17989 | D:12     | Noticed Nessos
 18531 | Lair:1   | Entered Level 1 of the Lair of Beasts
 18531 | Lair:1   | Noticed Maggie
 18749 | Lair:1   | Noticed a six-headed hydra
 18786 | D:11     | Killed a six-headed hydra
 19117 | Lair:1   | Killed Maggie
 19227 | Lair:1   | Reached skill level 13 in Spellcasting
 19566 | Lair:1   | Reached skill level 1 in Armour
 20191 | Lair:1   | Reached skill level 10 in Necromancy
 20886 | Lair:1   | Gained mutation: You are in touch with the powers of death.
                  | [Mummy growth]
 20886 | Lair:1   | Reached XP level 13. HP: 88/88 MP: 30/30
 22592 | Lair:2   | Found a runed translucent gate.
 22592 | Lair:2   | Found a runed translucent gate.
 22593 | Lair:2   | Found a runed translucent gate.
 22593 | Lair:2   | Noticed a quicksilver ooze
 22594 | Lair:2   | Noticed kulik242's ghost (journeyman OgHu)
 22873 | Lair:2   | Found a viscous altar of Jiyva.
 23523 | Lair:3   | Found a hole to the Spider Nest.
 23546 | Lair:3   | Found a runed translucent door.
 23547 | Lair:3   | Found a shimmering altar of Xom.
 23547 | Lair:3   | Noticed Gilette's ghost (journeyman TrCK)
 23602 | Spider:1 | Entered Level 1 of the Spider Nest
 23624 | Lair:3   | Slain by a black mamba

Illustrated notes

Levels and vault maps discovered:
D:1:      lemuel_arrival_broad_hall, layout_loops_ring,
          ebering_ecumenical_altar_abandoned
D:2:      layout_basic, basic_altar
D:3:      layout_loops_corners, makhleb_altar_promises_db, tso_metal_star,
          serial_shops, shop, uniq_natasha, uniq_jessica
D:4:      layout_rooms, minmay_temple_entry_slanted, minivault_26,
          minmay_misc_feat_more_columns, minmay_surrounded, uniq_edmund
D:5:      layout_loops_cross, nicolae_uskayaw_en_pointe, gup_sewer_entry_spiral,
          minmay_manual_monstrance
D:6:      layout_cave_pools, mainiacjoe_overflow_catch_the_wave, serial_shops,
          shop
D:7:      layout_basic, enter_ossuary_4
D:8:      layout_cave_pools, mainiacjoe_overflow_brackets,
          overflow_temple_1_default, mainiacjoe_overflow_large_starburst,
          uniq_pikel
D:9:      layout_grid_maze, hiddenorc1_lemuel, hellmonk_ghost_happy_afterlife,
          hangedman_feature_mirror, minmay_librarian
D:10:     hangedman_cross_cluster, layout_basic, nicolae_overflow_hidden_temple,
          dk_noncrumbling_3, corexii_leaking_fountain
D:11:     layout_basic, due_lair_maze_entry_diamond, abandoned_shop
D:12:     argonaut_augean_stables, layout_small_grid, kiku_gazebo_pond_becter,
          uniq_nessos, uniq_psyche, uniq_sonja, uniq_azrael
Temple:   nicolae_temple_hex_pool
Lair:1:   lemuel_ratsnest, layout_gridlike, st_stairs_3, minivault_11,
          nicolae_quartered_pool_super, uniq_maggie
Lair:2:   layout_gridlike, gammafunk_ghost_ooze, grunt_megastairs_2,
          lemuel_fruit_fields
Lair:3:   layout_regular_city, minmay_shoals_entry_lonely_mermaid,
          spider_nest_entry_web_field, ebering_ghost_xom
Spider:1: layout_spider_delve, uniq_frances

Skill      XL: |  1  2  3  4  5  6  7  8  9 10 11 12 13 |
---------------+----------------------------------------+-----
Spellcasting   | 3 4 5 6 7 8 9 10 11 12 13 | 13.5
Necromancy     | 5 6 7 8 9 10 | 10.4
Stealth        | 2 3 4 |  4.0
Polearms       | 1 |  1.3
Fighting       | 1 2 3 4 |  4.4
Maces & Flails | 1 4 6 7 9 10 | 10.7
Dodging        | 2 3 4 |  4.8
Shields        | 1 2 3 4 5 6 |  6.0
Conjurations   | 2 3 4 |  4.9
Hexes          | 2 4 5 |  5.6
Summonings     | 3 4 |  4.0
Armour         | 1 |  1.5
Unarmed Combat | |  0.1
Ice Magic      | |  0.1
Evocations     | |  0.3

Action                   |  1- 3 |  4- 6 |  7- 9 | 10-12 | 13-15 || total
-------------------------+-------+-------+-------+-------+-------++-------
Melee: Unarmed           |    14 |       |    34 |       |       ||    48
       Spear             |    13 |    95 |       |       |       ||   108
       Dire flail        |       |       |   127 |       |       ||   127
       Mace              |       |       |   267 |   776 |   176 ||  1219
 Cast: Pain              |    70 |    66 |    33 |   127 |    34 ||   330
       Vampiric Draining |       |     6 |    39 |   146 |    57 ||   248
       Animate Skeleton  |       |     3 |     8 |     2 |       ||    13
       Ensorcelled Hiber |       |     2 |       |     1 |       ||     3
       Agony             |       |       |     1 |    18 |     4 ||    23
       Dispel Undead     |       |       |       |    12 |       ||    12
       Inner Flame       |       |       |       |     6 |       ||     6
       Call Imp          |       |       |       |     4 |       ||     4
       Fulminant Prism   |       |       |       |       |    11 ||    11
 Abil: Evoke Blink       |       |       |       |     5 |     1 ||     6
Evoke: Wand              |       |       |       |     4 |       ||     4
  Use: Scroll            |     6 |     3 |     7 |     9 |       ||    25
 Stab: Sleeping          |     3 |     8 |     9 |    11 |     1 ||    32
       Distracted        |       |     1 |       |     2 |       ||     3
Armor: Robe              |     7 |    12 |   145 |   132 |       ||   296
       Ring mail         |       |       |       |    59 |    58 ||   117
Dodge: Dodged            |    30 |    61 |   202 |   250 |    65 ||   608
Block: Other             |       |    11 |    38 |       |       ||    49
       Reflection        |       |       |     5 |    10 |     3 ||    18
       Kite shield       |       |       |   383 |   855 |   236 ||  1474

Table legend: (Time is in decaauts)
 A = Elapsed time spent in this place.
 B = Non-inter-level travel time spent in this place.
 C = Inter-level travel time spent in this place.
 D = Time resting spent in this place.
 E = Time spent auto-exploring this place.
 F = Levels seen in this place.
 G = Mean time per level.
                   A        B        C        D        E       F      G
               +--------+--------+--------+--------+--------+-----+--------+
         Total |  23938 |  23478 |    460 |  10137 |   8580 |  18 | 1329.9 |
       Dungeon |  18752 |  18345 |    407 |   7844 |   6986 |  12 | 1562.7 |
        Temple |    176 |    167 |      9 |     92 |     62 |   1 |  176.0 |
          Lair |   4551 |   4507 |     44 |   2170 |   1462 |   3 | 1517.0 |
   Spider Nest |      4 |      4 |      0 |      0 |      0 |   1 |    4.0 |
       Ossuary |    453 |    453 |      0 |     31 |     70 |   1 |  453.0 |
               +--------+--------+--------+--------+--------+-----+--------+

Top non-repeatable levels by time:
     D:9: 2859 daAuts
    D:10: 2683 daAuts
    D:11: 2527 daAuts
  Lair:2: 2237 daAuts
  Lair:1: 1939 daAuts
     D:7: 1677 daAuts
     D:3: 1608 daAuts
     D:5: 1563 daAuts
     D:6: 1271 daAuts
     D:4: 1226 daAuts
     D:1: 1090 daAuts
     D:2: 1060 daAuts
     D:8: 853 daAuts
 Ossuary: 453 daAuts
  Lair:3: 374 daAuts
